 Dungeon Crawl Stone Soup version 0.17-b1-15-g0f5fb43 (webtiles) character file.

1246 Quarterback16 the Shield-Bearer (level 8, -3/69 HPs)
             Began as a Hill Orc Fighter on Nov 7, 2015.
             Was a Follower of Beogh.
             Slain by a polar bear (15 damage)
             ... created by the rage of Trog
             ... on level 7 of the Dungeon.
             The game lasted 01:31:23 (10262 turns).

Quarterback16 the Shield-Bearer (Hill Orc Fighter) Turns: 10262, Time: 01:31:27

Health: -3/69      AC:  8    Str: 21    XL:     8   Next: 50%
Magic:  8/8        EV: 10    Int:  8    God:    Beogh [*.....]
Gold:   149        SH: 10    Dex: 10    Spells: 0 memorised, 7 levels left

rFire  + . .     SeeInvis +     z - +0 mace (drain)
rCold  . . .     Clarity  .     r - +2 ring mail {rF+}
rNeg   . . .     SustAt   .     c - +0 shield
rPois  .         Gourm    .     (no helmet)
rElec  .         Spirit   .     (no cloak)
rCorr  .         Warding  .     (no gloves)
rMut   .         Stasis   .     (no boots)
MR     .....                    (no amulet)
Stlth  +.........               (no ring)
                                m - ring of see invisible

@: about to teleport, not resistant to hostile enchantments, very unstealthy
A: no striking features
a: Renounce Religion


You were on level 7 of the Dungeon.
You worshipped Beogh.
Beogh was aware of your devotion.
You were not hungry.

You visited 1 branch of the dungeon, and saw 7 of its levels.

You collected 149 gold pieces.

Inventory:

Hand Weapons
 a - a +0 war axe
 z - a +0 mace of draining (weapon)
 E - a +3 quarterstaff of chaos
Missiles
 d - 15 sling bullets
 h - 46 arrows (quivered)
Armour
 b - a +0 scale mail
 c - a +0 shield (worn)
 r - a +2 ring mail of fire resistance (worn)
 F - a +2 cloak of poison resistance
 H - a +0 scale mail
Jewellery
 m - a ring of see invisible (left hand)
 o - an uncursed ring of protection from fire
 G - an uncursed ring of poison resistance {unknown}
Scrolls
 e - 3 scrolls of immolation
 j - 4 scrolls of remove curse
 n - a scroll of amnesia {unknown}
 p - a scroll of enchant armour {unknown}
 q - a scroll of noise {unknown}
 t - a scroll of recharging {unknown}
 x - 2 scrolls of enchant weapon {unknown}
Potions
 f - a potion of might
 k - 2 potions of haste {unknown}
 s - 2 potions of brilliance
 u - a potion of invisibility {unknown}
 v - a potion of agility {unknown}
 w - 4 potions of curing
 B - a potion of mutation {unknown}
 C - a potion of berserk rage {unknown}
 D - 3 potions of poison {unknown}
 I - 2 potions of lignification {unknown}
Comestibles
 i - 2 meat rations
 l - a chunk of flesh


   Skills:
 + Level 5.6 Fighting
 + Level 4.7(5.1) Axes
 + Level 2.3(3.4) Maces & Flails
 + Level 0.8 Throwing
 + Level 5.9 Armour
 + Level 3.9 Dodging
 + Level 0.8 Stealth
 + Level 6.0 Shields


You had 7 spell levels left.
You didn't know any spells.

Dungeon Overview and Level Annotations

Branches:
Dungeon (7/15)
 Temple: D:4-7

Altars:
Gozag
Makhleb
Trog
Zin

Shops:
D:4 (

Annotations:
D:6 Cookie's ghost, novice DsFi


Message History

Read which item? (? for menu, Esc to quit)
As you read the scroll of fog, it crumbles to dust.
The scroll dissolves into smoke.
You block the jackal's attack.
The black bear bites you but does no damage.
The black bear closely misses you. x2
The polar bear bites you.
* * * LOW HITPOINT WARNING * * *
The polar bear claws you but does no damage.
You block the polar bear's attack. You block the black bear's attack.
The black bear claws you but does no damage.
The black bear closely misses you. The jackal bites you.
* * * LOW HITPOINT WARNING * * *
Read which item? (? for menu, Esc to quit)
As you read the scroll of teleportation, it crumbles to dust.
You feel strangely unstable. The black bear barely misses you.
The black bear claws you.
* * * LOW HITPOINT WARNING * * *
You block the black bear's attack. x3
The black bear barely misses you. The polar bear bites you!
You die...

###+#..
#......
#......
#.....#
#.....##
#..§§5§
#.(§hh#
#..§h@#
###+#h#
§§# ...#
#...#
#...#
#...#
#...#


You could see a polar bear (berserk), 2 black bears, a crimson imp and a jackal.

Vanquished Creatures
  2 polar bears (D:5)
  A two-headed ogre (D:4)
  A centaur (D:5)
  6 black bears (D:5)
  2 scorpions
  2 jellies (D:5)
  4 hounds
  Crazy Yiuf (D:3)
  2 orc priests (D:5)
  Jessica (D:2)
  A centaur skeleton (D:4)
  3 iron imps (D:3)
  2 worker ants
  Natasha (twice) (D:2)
  3 orc wizards (D:5)
  2 iguanas
  A worker ant zombie (D:5)
  4 gnolls
  4 adders
  A shadow imp (D:5)
  3 oozes
  4 worms
  2 adder skeletons
  6 giant geckos
  18 orcs
  5 giant cockroaches
  17 goblins
  3 hobgoblins (D:2)
  3 quokkas
  4 bats
  A giant gecko skeleton (D:4)
  10 giant newts
  7 jackals
  8 kobolds
  13 rats
149 creatures vanquished.

Vanquished Creatures (others)
  An orc priest (D:5)
  An orc wizard (D:5)
  4 orcs (D:5)
6 creatures vanquished.

Grand Total: 155 creatures vanquished

Notes
Turn   | Place    | Note
--------------------------------------------------------------
     0 | D:1      | Quarterback16 the Hill Orc Fighter began the quest for the Orb.
     0 | D:1      | Reached XP level 1. HP: 19/19 MP: 1/1
   304 | D:1      | Reached XP level 2. HP: 27/27 MP: 2/2
   579 | D:1      | Reached skill level 4 in Fighting
   604 | D:1      | Reached XP level 3. HP: 33/33 MP: 3/3
  1471 | D:2      | Reached skill level 1 in Dodging
  1471 | D:2      | Reached XP level 4. HP: 27/40 MP: 4/4
  2275 | D:2      | Found a bloodstained altar of Trog.
  2455 | D:2      | Became a worshipper of Trog the Wrathful
  2892 | D:2      | Noticed Natasha
  2906 | D:2      | Killed Natasha
  2906 | D:2      | Reached XP level 5. HP: 26/46 MP: 5/5
  3105 | D:2      | Noticed Jessica
  3110 | D:2      | Noticed Natasha
  3117 | D:2      | Killed Jessica
  3219 | D:2      | Killed Natasha
  4041 | D:3      | Reached * piety under Trog
  4452 | D:3      | Found a burning altar of Makhleb.
  4502 | D:3      | Reached XP level 6. HP: 20/52 MP: 6/6
  5107 | D:3      | Noticed Crazy Yiuf
  5116 | D:3      | Killed Crazy Yiuf
  5642 | D:4      | Reached XP level 7. HP: 58/60 MP: 7/7
  5762 | D:5      | Entered Level 5 of the Dungeon
  5774 | D:5      | Reached skill level 5 in Armour
  5953 | D:4      | Found Noetyxee's Weapon Emporium.
  6216 | D:4      | Noticed a two-headed ogre
  6225 | D:4      | Killed a two-headed ogre
  6225 | D:4      | Reached skill level 5 in Fighting
  6225 | D:4      | Reached skill level 1 in Maces & Flails
  6225 | D:4      | Reached skill level 5 in Shields
  6801 | D:5      | Found an opulent altar of Gozag.
  6801 | D:5      | Found a bloodstained altar of Trog.
  7099 | D:5      | Reached ** piety under Trog
  7146 | D:5      | Fell from the grace of Trog
  7146 | D:5      | Became a worshipper of Beogh the Brigand
  7342 | D:5      | Reached XP level 8. HP: 36/68 MP: 8/8
  7390 | D:5      | Noticed a polar bear
  7390 | D:5      | Noticed a polar bear
  8031 | D:5      | Killed a polar bear
  8196 | D:6      | Found a bloodstained altar of Trog.
  8213 | D:6      | Noticed Cookie's ghost (novice DsFi)
  8838 | D:5      | Reached * piety under Beogh
  9703 | D:5      | Killed a polar bear
 10007 | D:5      | Reached skill level 6 in Shields
 10217 | D:5      | Found a glowing silver altar of Zin.
 10256 | D:6      | Noticed a polar bear
 10256 | D:6      | Noticed a polar bear
 10262 | D:7      | Slain by a polar bear

Action                   |  1- 3 |  4- 6 |  7- 9 || total
-------------------------+-------+-------+-------++-------
Melee: War axe           |    88 |   182 |       ||   270
       Mace              |       |    47 |   331 ||   378
Throw: Stone             |    44 |    58 |       ||   102
Invok: Berserk           |       |     2 |     2 ||     4
       Convert to Beogh  |       |       |     1 ||     1
  Use: Scroll            |     5 |     3 |    10 ||    18
       Potion            |     1 |       |     4 ||     5
  Eat: Chunk             |     1 |     2 |     1 ||     4
       Bread ration      |     1 |     1 |     2 ||     4
       Meat ration       |       |     1 |       ||     1
       Pizza             |       |     2 |       ||     2
       Fruit             |       |       |     6 ||     6
